 Dungeon Crawl Stone Soup version 0.31-a0-1447-g87ca8d402b (webtiles) character file.

Game seed: 10171004745387734517

74 BigPumpCobain the Trooper (level 4, -5/40 HPs)
             Began as a Hill Orc Fighter on Dec 27, 2023.
             Slain by a gnoll
             ... wielding a +0 halberd
              (13 damage)
             ... on level 2 of the Dungeon.
             The game lasted 00:01:41 (1689 turns).

BigPumpCobain the Trooper (Hill Orc Fighter)        Turns: 1689, Time: 00:01:41

Health: -5/40      AC:  7    Str: 20    XL:     4   Next: 28%
Magic:  4/4        EV:  9    Int:  8    God:
Gold:   123        SH:  4    Dex: 10    Spells: 3/3 levels left

rFire   . . .        a - +0 war axe
rCold   . . .        c - +0 buckler
rNeg    . . .        b - +0 scale mail
rPois   +            (no helmet)
rElec   .            (no cloak)
rCorr   .            (no gloves)
SInv    .            (no boots)
Will    .....        (no amulet) Stlth
                     e - ring of poison resistance
HPRegen 0.26/turn    (no ring)
MPRegen 0.09/turn

%: no passive effects
@: no status effects
A: no striking features
a: no special abilities


You were on level 2 of the Dungeon.
You visited 1 branch of the dungeon, and saw 2 of its levels.

You collected 123 gold pieces.

Inventory:

Hand Weapons
 a - a +0 war axe (weapon)
Armour
 b - a +0 scale mail (worn)
 c - a +0 buckler (worn)
Magical Staves
 p - the staff of Excruciating Pain {Conj Alchemy}
   (You found it on level 2 of the Dungeon)

   [staff of conjuration]

   Base accuracy: +5 Base damage: 5 Base attack delay: 1.2 This weapon's minimum
   attack delay (0.6) is reached at skill level 12.
   Conj:      It increases the power of your Conjurations spells.
   Alchemy:   It increases the power of your Alchemy spells.
   It falls into the 'Staves' category.
   It is a one-handed weapon.
Jewellery
 e - a ring of poison resistance (left hand)
Scrolls
 g - a scroll of teleportation {unknown}
 i - 3 scrolls of blinking {unknown}
 k - 2 scrolls of identify {unknown}
 l - a scroll of amnesia {unknown}
 n - a scroll of acquirement {unknown}
Potions
 d - a potion of might
 f - a potion of curing {unknown}
 h - 2 potions of cancellation {unknown}
 j - a potion of haste {unknown}
 m - a potion of degeneration {unknown}
 o - a potion of heal wounds {unknown}


   Skills:
 + Level 4.2 Fighting
 * Level 4.2 Axes
 + Level 3.8 Armour
 + Level 3.8 Shields


You had 3 spell levels left.
You didn't know any spells.
Your spell library was empty.

Dungeon Overview and Level Annotations

Branches:
Dungeon (2/15)

Altars:


Message History

You slash the gnoll!
The gnoll is severely wounded.
The gnoll barely misses you. The gnoll misses you.
You slash the gnoll!
You kill the gnoll!
The gnoll throws a stone.
The stone barely misses you. The gnoll barely misses you.
A gnoll comes into view. It is wielding a +0 mace.
Found an escape hatch in the ceiling.
The gnoll shouts!
The gnoll closely misses you.
You see here a +0 halberd.
You hit the gnoll.
The gnoll is moderately wounded.
You block the gnoll's attack.
You hit the gnoll.
The gnoll is severely wounded.
You barely miss the gnoll.
The gnoll hits you from afar with a +0 halberd!
The gnoll misses you. The gnoll hits you with a +0 mace.
You barely miss the gnoll. The gnoll hits you with a +0 mace.
The gnoll hits you from afar with a +0 halberd.
You are too injured to fight recklessly!
You are too injured to fight recklessly!
You are too injured to fight recklessly!
You are too injured to fight recklessly!
You are too injured to fight recklessly!
There are monsters nearby!
You are too injured to fight recklessly!
You are too injured to fight recklessly!
You are too injured to fight recklessly!
You barely miss the gnoll. The gnoll hits you with a +0 mace.
* * * LOW HITPOINT WARNING * * *
You block the gnoll's attack.
You slash the gnoll!
The gnoll is almost dead.
The gnoll hits you with a +0 mace.
* * * LOW HITPOINT WARNING * * *
The gnoll hits you from afar with a +0 halberd!
You die...

#### ###### #...##
###.....
###.....###.#.####
#)gg..<.##....# #@#
#.....# #.#
...###....# #.#
#.........# #)#
#######.### #.# #.#
#.# ##'## ######.####
##...## #.........#
##.....##
#.####.##.###.......##


You could see 2 gnolls.

Vanquished Creatures
  3 gnolls
  An adder (D:2)
  A ball python (D:1)
  3 endoplasms
  4 giant cockroaches (D:1)
  4 goblins
  4 hobgoblins (D:1)
  2 quokkas (D:1)
  6 bats
  3 kobolds
  4 rats
35 creatures vanquished.

Notes
Turn   | Place    | Note
-------+----------+-------------------------------------------
     0 | D:1      | BigPumpCobain the Hill Orc Fighter began the quest for the
                  | Orb.
     0 | D:1      | Reached XP level 1. HP: 19/19 MP: 1/1
    70 | D:1      | Reached XP level 2. HP: 21/27 MP: 2/2
   312 | D:1      | Reached XP level 3. HP: 30/33 MP: 3/3
  1509 | D:2      | Identified the staff of Excruciating Pain {Conj Alchemy}
  1678 | D:2      | Reached XP level 4. HP: 40/40 MP: 4/4
  1689 | D:2      | Slain by a gnoll

Illustrated notes

Levels and vault maps discovered:
D:1:      saegor_arrival_under_anarchy, layout_basic, minmay_misc_feat_tower,
          minmay_cut_off
D:2:      layout_loops_corners, uniq_crazy_yiuf_cottage

Skill      XL: |  1  2  3 |
---------------+----------+-----
Axes           | 3 4 |  4.2
Fighting       | 4 |  4.2
Armour         | |  3.8
Shields        | |  3.8

Action                     |  1- 3 |  4- 6 || total
---------------------------+-------+-------++-------
  Melee: War axe           |    77 |     8 ||    85
 Armour: Scale mail        |    39 |     9 ||    48
  Dodge: Dodged            |    44 |     7 ||    51
  Block: Buckler           |    19 |     2 ||    21

Table legend: (Time is in decaauts)
 A = Elapsed time spent in this place.
 B = Non-inter-level travel time spent in this place.
 C = Inter-level travel time spent in this place.
 D = Time resting spent in this place.
 E = Time spent auto-exploring this place.
 F = Levels seen in this place.
 G = Mean time per level.
                   A        B        C        D        E       F      G
               +--------+--------+--------+--------+--------+-----+--------+
         Total |   1717 |   1655 |     62 |      0 |   1429 |   2 |  858.5 |
       Dungeon |   1717 |   1655 |     62 |      0 |   1429 |   2 |  858.5 |
               +--------+--------+--------+--------+--------+-----+--------+

Top non-repeatable levels by time:
     D:1: 1163 daAuts
     D:2: 554 daAuts
